 Dungeon Crawl Stone Soup version 0.30-a0-939-gc8157cb160 (webtiles) character file.

Game seed: 4802812863134373765

269 juan097 the Shield-Bearer (level 6, -3/32 HPs)
             Began as a Vine Stalker Fighter on Mar 25, 2023.
             Was a Believer of Nemelex Xobeh.
             Slain by a centaur
             ... wielding a +0 trident
              (7 damage)
             ... on level 3 of the Dungeon.
             The game lasted 00:07:05 (2889 turns).

juan097 the Shield-Bearer (Vine Stalker Fighter)    Turns: 2889, Time: 00:07:05

Health: -3/32      AC:  6    Str: 19    XL:     6   Next: 22%
Magic:  0/8        EV:  9    Int:  8    God:    Nemelex Xobeh [**....]
Gold:   265        SH:  5    Dex: 15    Spells: 5/5 levels left

rFire   . . .      SeeInvis .    a - +0 rapier
rCold   . . .      Faith    .    c - +0 buckler
rNeg    . . .      Spirit   +    s - +0 scale mail
rPois   .          Reflect  .    (no helmet)
rElec   .          Rampage  .    (no cloak)
rCorr   .                        (no gloves)
Will    .....                    (no boots)
Stlth   +                        (no amulet)
HPRegen 1.05/turn                (no ring)
MPRegen 0.11/turn                (no ring)

@: no status effects
A: fangs 2, regeneration 1, magic shield, antimagic bite, no potion heal 2
a: Renounce Religion, Draw Escape, Draw Destruction, Draw Summoning


You were on level 3 of the Dungeon.
You worshipped Nemelex Xobeh.
Nemelex Xobeh was pleased with you.
You visited 1 branch of the dungeon, and saw 4 of its levels.

You collected 265 gold pieces.

Inventory:

Hand Weapons
 a - a +0 rapier (weapon)
 b - a +0 sling
 h - a +1 dagger of holy wrath
Missiles
 n - 5 boomerangs (quivered)
 t - a throwing net
 u - 6 poisoned darts
Armour
 c - a +0 buckler (worn)
 s - a +0 scale mail (worn)
Jewellery
 p - a ring of positive energy
Scrolls
 e - 3 scrolls of poison {unknown}
 g - 2 scrolls of amnesia {unknown}
 i - a scroll of enchant weapon {unknown}
 j - 5 scrolls of identify {unknown}
 k - a scroll of fear {unknown}
 l - 2 scrolls of noise {unknown}
 o - 2 scrolls of teleportation {unknown}
 v - 2 scrolls of blinking {unknown}
Potions
 d - a potion of might
 f - 3 potions of heal wounds {unknown}
 m - 2 potions of curing {unknown}
 q - a potion of flight {unknown}
 r - a potion of ambrosia {unknown}


   Skills:
 + Level 3.0 Fighting
 + Level 3.6 Short Blades
 - Level 2.4 Armour
 + Level 3.3 Stealth
 - Level 4.0 Shields
 + Level 1.4 Invocations


You had 5 spell levels left.
You didn't know any spells.
Your spell library contained the following spells:

 Spells                   Type           Power      Damage    Failure   Level
 Slow                     Hex            0%         N/A       86%         1
 Summon Small Mammal      Summ           0%         N/A       86%         1
 Ensorcelled Hibernation  Hex/Ice        0%         N/A       95%         2
 Call Canine Familiar     Summ           0%         N/A       99%         3
 Confusing Touch          Hex            0%         N/A       99%         3
 Spider Form              Tmut/Pois      0%         N/A       99%         3
 Summon Guardian Golem    Hex/Summ       0%         N/A       99%         3
 Vampiric Draining        Necr           0%         2d6       99%         3
 Anguish                  Hex/Necr       0%         N/A       100%        4


Dungeon Overview and Level Annotations

Branches:
Dungeon (4/15)
 Temple: D:4-7

Altars:
Ashenzari
Nemelex Xobeh
Yredelemnul

Shops:
D:1 =

Annotations:
D:4 Menkaure


Innate Abilities, Weirdness & Mutations

You have extremely sharp teeth.
Your natural rate of healing is unusually fast.
When hurt, damage is shared between your health and your magic reserves.
Your bite disrupts and absorbs the magic of your enemies.
Potions cannot restore your health.


Message History

You closely miss the gnoll sergeant.
You bite the gnoll sergeant, but do no damage.
The gnoll sergeant is severely wounded.
The gnoll sergeant barely misses you.
You draw a card...
You have drawn Degeneration.
The gnoll sergeant evaporates and reforms as a centaur!
The centaur twists and deforms.
The gnoll evaporates and reforms as a goblin!
The goblin twists and deforms.
Menkaure is dazed by the mutagenic energy.
The centaur picks up a +0 trident.
The centaur wields a +0 trident.
Menkaure is lost in a daze.
The goblin picks up a +0 spear.
The goblin wields a +0 spear.
Unknown command.
Unknown command.
You barely miss the centaur. The centaur hits you with a +0 trident!
The centaur kicks you.
You hit the centaur. You bite the centaur, but do no damage.
The centaur is lightly wounded.
The centaur hits you but does no damage.
The centaur kicks you but does no damage.
You block the goblin's attack.
Unknown command.
The centaur hits you with a +0 trident! The centaur barely misses you.
Menkaure is lost in a daze.
The centaur hits you with a +0 trident.
* * * LOW HITPOINT WARNING * * *
The centaur kicks you but does no damage.
You block the goblin's attack.
There is an escape hatch in the ceiling, spattered with blood here.
Menkaure is no longer dazed.
The centaur hits you with a +0 trident.
* * * LOW HITPOINT WARNING * * *
The centaur closely misses you.
The goblin hits you from afar with a +0 spear.
* * * LOW HITPOINT WARNING * * *
A mysterious force pulls you upwards. The hatch slams shut behind you.
You hit the centaur.
The centaur is lightly wounded.
The centaur hits you with a +0 trident!
You die...
Your body disappears without a glow.

#######.........##.
#######.........##.
#...............##.
#...............##.
#...............+..
#...............###
#............###...
#............# #...
#.@....####### #...
#..c...# #...
#.....#### #...
#........# #...
#........# #...
#........# ####
#####....# ######


You could see a centaur (misshapen).

Vanquished Creatures
  A hound (D:4)
  2 gnolls
  5 adders
  2 worms (D:3)
  2 dart slugs
  9 orcs
  5 endoplasms
  2 giant cockroaches (D:2)
  8 goblins
  7 hobgoblins
  3 jackals (D:3)
  3 quokkas
  5 ball pythons
  6 bats
  4 frilled lizards
  10 kobolds
  5 rats
79 creatures vanquished.

Vanquished Creatures (collateral kills)
  A centaur (D:4)
1 creature vanquished.

Grand Total: 80 creatures vanquished

Notes
Turn   | Place    | Note
-------+----------+-------------------------------------------
     0 | D:1      | juan097 the Vine Stalker Fighter began the quest for the
                  | Orb.
     0 | D:1      | Reached XP level 1. HP: 11/11 MP: 2/2
   322 | D:1      | Reached XP level 2. HP: 16/16 MP: 3/3
   324 | D:1      | Reached skill level 3 in Shields
   734 | D:1      | Found Bissit's Jewellery Emporium.
   999 | D:2      | Reached XP level 3. HP: 19/19 MP: 4/4
  1281 | D:2      | Reached skill level 1 in Stealth
  1658 | D:2      | Gained mutation: Your natural rate of healing is unusually
                  | fast. [Vine Stalker growth]
  1658 | D:2      | Reached XP level 4. HP: 23/23 MP: 5/5
  1805 | D:3      | Found a faded altar of an unknown god.
  1881 | D:3      | Prayed at the altar of an unknown god.
  1881 | D:3      | Became a worshipper of Nemelex Xobeh the Trickster
  1881 | D:3      | Reached * piety under Nemelex Xobeh
  1881 | D:3      | Received a gift from Nemelex Xobeh
  2286 | D:4      | Reached XP level 5. HP: 27/27 MP: 6/6
  2348 | D:4      | Noticed a centaur
  2355 | D:4      | Killed a centaur
  2356 | D:4      | Reached skill level 4 in Shields
  2356 | D:4      | Reached skill level 1 in Invocations
  2408 | D:4      | Reached XP level 6. HP: 32/32 MP: 7/7
  2434 | D:4      | Found a broken altar of Ashenzari.
  2434 | D:4      | Reached ** piety under Nemelex Xobeh
  2434 | D:4      | Received a gift from Nemelex Xobeh
  2784 | D:4      | Found a basalt altar of Yredelemnul.
  2861 | D:4      | Noticed Menkaure
  2889 | D:3      | Slain by a centaur

Illustrated notes

Levels and vault maps discovered:
D:1:      tekkud_arrival_beachfront_property, layout_loops_corners,
          serial_shops, nicolae_square_shop, chequers_hall_statues_y
D:2:      layout_basic, serial_aquarium, aquarium_bridge_square
          [aquarium_subvault_bridge, aquarium_subvault_balcony,
          aquarium_subvault_wall, aquarium_subvault_window],
          aquarium_window_fake, aquarium_window_corridor_1, aquarium_window_2,
          aquarium_view_2e, aquarium_view_2f, aquarium_pool_2,
          grunt_ministairs_9
D:3:      cheibrodos_old_hovel, layout_basic, ebering_ecumenical_altar_ruins
D:4:      layout_rooms, evilmike_ruin_ashenzari, mainiacjoe_overflow_paths,
          uniq_menkaure

Skill      XL: |  1  2  3  4  5  6 |
---------------+-------------------+-----
Short Blades   | 2 3 |  3.6
Shields        | 3 4 |  4.0
Stealth        | 1 2 3 |  3.3
Invocations    | 1 |  1.4
Fighting       | 3 |  3.0
Armour         | |  2.4

Action                     |  1- 3 |  4- 6 || total
---------------------------+-------+-------++-------
  Melee: Rapier            |   126 |   139 ||   265
         Bite              |    23 |    45 ||    68
   Fire: Sling             |       |     5 ||     5
  Throw: Boomerang         |       |     4 ||     4
 Invoke: Draw Destruction  |       |     4 ||     4
         Draw Summoning    |       |     1 ||     1
 Armour: Scale mail        |    55 |    42 ||    97
  Dodge: Dodged            |    57 |    57 ||   114
  Block: Buckler           |    27 |    40 ||    67

Table legend: (Time is in decaauts)
 A = Elapsed time spent in this place.
 B = Non-inter-level travel time spent in this place.
 C = Inter-level travel time spent in this place.
 D = Time resting spent in this place.
 E = Time spent auto-exploring this place.
 F = Levels seen in this place.
 G = Mean time per level.
                   A        B        C        D        E       F      G
               +--------+--------+--------+--------+--------+-----+--------+
         Total |   2917 |   2725 |    192 |      0 |   2016 |   4 |  729.2 |
       Dungeon |   2917 |   2725 |    192 |      0 |   2016 |   4 |  729.2 |
               +--------+--------+--------+--------+--------+-----+--------+

Top non-repeatable levels by time:
     D:1: 940 daAuts
     D:2: 867 daAuts
     D:3: 631 daAuts
     D:4: 477 daAuts
